 Dungeon Crawl Stone Soup version 0.29-a0-559-g359e09b9d1 (webtiles) character file.

Game seed: 6340410804438326990

37 dohliylev the Grasshopper (level 3, -1/35 HPs)
             Began as a Troll Warper on June 10, 2022.
             Was a Follower of Elyvilon.
             Slain by Terence
             ... wielding a +3 morningstar of protection
              (12 damage)
             ... on level 2 of the Dungeon.
             The game lasted 00:02:13 (787 turns).

dohliylev the Grasshopper (Troll Warper)             Turns: 787, Time: 00:02:14

Health: -1/35      AC:  4    Str: 21    XL:     3   Next: 23%
Magic:  4/4        EV: 10    Int:  9    God:    Elyvilon [*.....]
Gold:   73         SH:  0    Dex:  9    Spells: 2/4 levels left

rFire   + . .      SeeInvis .     - Unarmed
rCold   x . .      Faith    .   (no shield)
rNeg    . . .      Spirit   .   a - +0 robe
rPois   .          Reflect  .   (helmet restricted)
rElec   .          Harm     .   (no cloak)
rCorr   .          Rampage  .   (gloves unavailable)
Will    .....                   (boots unavailable)
Stlth   +.........              (no amulet)
HPRegen 0.91/turn               j - ring of fire
MPRegen 0.09/turn               (no ring)

@: no status effects
A: large, unfitting armour, claws 3, regeneration 1, shaggy fur 1, tough skin 1
a: Renounce Religion, Purification


You were on level 2 of the Dungeon.
You worshipped Elyvilon.
Elyvilon was aware of your devotion.
You visited 1 branch of the dungeon, and saw 2 of its levels.

You collected 73 gold pieces.

Inventory:

Missiles
 c - 7 boomerangs of dispersal (quivered)
Armour
 a - a +0 robe (worn)
Jewellery
 j - a ring of fire (left claw)
Scrolls
 b - a scroll of blinking
 e - 3 scrolls of teleportation {unknown}
 g - a scroll of brand weapon {unknown}
 h - 2 scrolls of identify {unknown}
 i - a scroll of fog {unknown}
Potions
 d - a potion of haste {unknown}
 f - a potion of magic {unknown}
 k - a potion of flight {unknown}
 l - a potion of attraction {unknown}


   Skills:
 * Level 1.8 Fighting
 + Level 0.8 Throwing
 + Level 2.1 Dodging
 + Level 2.2 Unarmed Combat
 + Level 1.3 Spellcasting
 + Level 2.8 Translocations


You had 2 spell levels left.
You knew the following spells:

 Your Spells              Type           Power      Damage    Failure   Level
a - Blink                 Tloc           10%        N/A       17%         2

Your spell library contained the following spells:

 Spells                   Type           Power      Damage    Failure   Level
 Gell's Gravitas          Tloc           5%         N/A       34%         3
 Lesser Beckoning         Tloc           5%         N/A       34%         3
 Teleport Other           Tloc           5%         N/A       34%         3
 Ignite Poison            Fire/Tmut/Pois 0%         N/A       71%         3
 Mephitic Cloud           Conj/Pois/Air  0%         N/A       71%         3
 Manifold Assault         Tloc           5%         N/A       97%         5
 Freezing Cloud           Conj/Ice/Air   0%         6-21      100%        5


Dungeon Overview and Level Annotations

Branches:
Dungeon (2/15)

Altars:
Elyvilon

Annotations:
D:2 Terence


Innate Abilities, Weirdness & Mutations

You are too large for most types of armour.
You have claws for hands.
Your natural rate of healing is unusually fast.
You are covered in fur. (AC +1)
You have tough skin. (AC +1)


Message History

Found a stone staircase leading up.
A bat comes into view.
The bat hits you but does no damage.
You miss the bat. The bat hits you but does no damage.
You barely miss the bat. The bat hits you but does no damage. The bat hits you.
The bat hits you but does no damage.
You claw the bat!
You kill the bat!
There is a faded altar of an unknown god here.
You cannot tell which god this altar belongs to.
Convert to them anyway?
Okay, then.
You cannot tell which god this altar belongs to.
Convert to them anyway?
Okay, then.
You cannot tell which god this altar belongs to.
Convert to them anyway?
Elyvilon accepts your prayer! Elyvilon welcomes you!
You can now purify yourself.
Autopickup is now off.
Autopickup is now on.
No target in view!
Okay, then.
l - a brown potion You feel more attuned to fire.
j - a ring of fire (left claw) Terence the Incautious comes into view.
He is wielding a +3 morningstar of protection.
Terence hits you with a +3 morningstar of protection!
You claw Terence!
Terence is heavily wounded.
Terence hits you with a +3 morningstar of protection!
You claw Terence!
Terence is severely wounded.
Terence hits you with a +3 morningstar of protection!
* * * LOW HITPOINT WARNING * * *
You scratch Terence but do no damage.
Terence is severely wounded.
Terence misses you.
You scratch Terence.
Terence is almost dead.
Terence hits you with a +3 morningstar of protection!
You die...

### .. #.## ## ..#
.#### #@#
....############@#
.................#
#.............####
###.........###
###.....###
#######


You could see Terence.

Vanquished Creatures
  A gnoll (D:1)
  2 dart slugs (D:1)
  4 bats
  An endoplasm (D:1)
  A giant cockroach (D:1)
  2 goblins (D:1)
  5 hobgoblins (D:1)
  2 jackals (D:1)
  A ball python (D:1)
  A kobold (D:1)
  2 rats (D:1)
22 creatures vanquished.

Notes
Turn   | Place    | Note
-------+----------+-------------------------------------------
     0 | D:1      | dohliylev the Troll Warper began the quest for the Orb.
     0 | D:1      | Reached XP level 1. HP: 19/19 MP: 1/1
   264 | D:1      | Reached XP level 2. HP: 27/27 MP: 3/3
   401 | D:1      | Reached XP level 3. HP: 35/35 MP: 4/4
   404 | D:1      | Learned a level 2 spell: Blink
   699 | D:2      | Found a faded altar of an unknown god.
   758 | D:2      | Prayed at the altar of an unknown god.
   758 | D:2      | Became a worshipper of Elyvilon the Healer
   758 | D:2      | Reached * piety under Elyvilon
   782 | D:2      | Noticed Terence
   787 | D:2      | Slain by Terence

Illustrated notes

Levels and vault maps discovered:
D:1:      dpeg_arrival_solitude, layout_loops_ring
D:2:      layout_loops_ring, hellmonk_ecumenical_altar_zigzags,
          minmay_misc_feat_secret_circle, glass_columns_b, uniq_terence

Skill      XL: |  1 |
---------------+----+-----
Dodging        | 2 |  2.1
Fighting       | |  1.8
Throwing       | |  0.8
Unarmed Combat | |  2.2
Spellcasting   | |  1.3
Translocations | |  2.8

Action                   || total
-------------------------++-------
Melee: Unarmed           ||    65
       Punch             ||     1
Armor: Robe              ||    23
Dodge: Dodged            ||    35

Table legend: (Time is in decaauts)
 A = Elapsed time spent in this place.
 B = Non-inter-level travel time spent in this place.
 C = Inter-level travel time spent in this place.
 D = Time resting spent in this place.
 E = Time spent auto-exploring this place.
 F = Levels seen in this place.
 G = Mean time per level.
                   A        B        C        D        E       F      G
               +--------+--------+--------+--------+--------+-----+--------+
         Total |    783 |    757 |     26 |    100 |    409 |   2 |  391.5 |
       Dungeon |    783 |    757 |     26 |    100 |    409 |   2 |  391.5 |
               +--------+--------+--------+--------+--------+-----+--------+

Top non-repeatable levels by time:
     D:1: 696 daAuts
     D:2: 87 daAuts
